 Dungeon Crawl Stone Soup version 0.29.1-15-g9cfb28693d (webtiles) character file.

Game seed: 11885100266022619690

301 shadowmeld the Magician (level 6, -1/43 HPs)
             Began as a Djinni Fire Elementalist on Apr 11, 2023.
             Blown up by Ijyb (18 damage)
             ... with a mindburst bolt
             ... on level 4 of the Dungeon.
             The game lasted 00:10:09 (3284 turns).

shadowmeld the Magician (Djinni Fire Elementalist)  Turns: 3284, Time: 00:10:10

Health: -1/43      AC:  2    Str:  7    XL:     6   Next: 64%
Gold:   50         EV: 12    Int: 19    God:
                   SH:  0    Dex: 13

rFire   + + .      SeeInvis .   k - +4 trident
rCold   x . .      Faith    .   (no shield)
rNeg    . . .      Spirit   .   a - +0 robe
rPois   ∞          Reflect  .   (no helmet)
rElec   .          Harm     .   (no cloak)
rCorr   .          Rampage  .   (no gloves)
Will    .....                   (boots unavailable)
Stlth   ++........              (no amulet)
HPRegen 0.14/turn               (no ring)
MPRegen 0.00/turn               (no ring)

@: flying, very slightly contaminated
A: sickness immunity, fire resistance 2, cold vulnerability 1, float, innate
caster, HP casting, extra vitality 1
a: no special abilities


You were on level 4 of the Dungeon.
You visited 1 branch of the dungeon, and saw 4 of its levels.

You collected 50 gold pieces.

Inventory:

Hand Weapons
 k - a +4 trident (weapon)
Armour
 a - a +0 robe (worn)
 e - a +0 tower shield
 g - a +0 buckler
Wands
 j - a wand of digging (4)
Scrolls
 c - 2 scrolls of teleportation {unknown}
 d - a scroll of enchant weapon {unknown}
 h - 3 scrolls of identify {unknown}
 l - a scroll of butterflies {unknown}
Potions
 b - a potion of heal wounds {unknown}
 f - a potion of brilliance {unknown}
 i - 3 potions of curing {unknown}


   Skills:
 * Level 1.8 Fighting
 + Level 2.4 Dodging
 - Level 1.5 Stealth
 * Level 5.0 Spellcasting


You couldn't memorise any spells.
You knew the following spells:

 Your Spells              Type           Power      Damage    Failure   Level
a - Foxfire               Conj/Fire      92%        2x1d8     1%          1
b - Scorch                Fire           46%        2d7       2%          2
c - Conjure Flame         Conj/Fire      23%        6-21      4%          3
d - Inner Flame           Hex/Fire       23%        N/A       4%          3
e - Flame Wave            Conj/Fire      23%        2d8       16%         4
f - Freeze                Ice            92%        1d10      1%          1
g - Call Imp              Summ           23%        N/A       2%          2
Your spell library was empty.

Dungeon Overview and Level Annotations

Branches:
Dungeon (4/15)
 Temple: D:4-7

Altars:
Trog

Shops:
D:3 [((

Annotations:
D:4 Ijyb


Innate Abilities, Weirdness & Mutations

You are immune to sickness and miasma.
You are immune to poison.
Your flesh is very heat resistant. (rF++)
You are vulnerable to cold. (rC-)
You float through the air rather than walking.
You learn spells naturally, not from books.
Your magical power is your life essence.
You have superior vitality. (+4 MHP)


Message History

The scorpion's fire resistance burns away.
You hear a shout!
Casting: Scorch (safe; 2% risk of failure)
Confirm with . or Enter, or press ? or * to list all spells.
Flames lash the scorpion.
The scorpion is moderately wounded.
The scorpion stings you but does no damage.
Your magical contamination has completely faded away.
Casting: Scorch (safe; 2% risk of failure)
Confirm with . or Enter, or press ? or * to list all spells.
Flames lash the scorpion.
The scorpion is burned terribly!
The scorpion is almost dead.
The scorpion closely misses you.
Ijyb the Twisted Goblin comes into view.
She is wielding a +0 club and carrying a wand of mindburst (4).
Casting: Scorch (safe; 2% risk of failure)
Confirm with . or Enter, or press ? or * to list all spells.
Flames lash the scorpion.
The scorpion is burned terribly!
You kill the scorpion!
Your Spellcasting skill increases to level 5!
Ijyb zaps a wand.
Your mind is blasted!
Ijyb zaps a wand.
You struggle to resist.
Casting: Scorch (safe; 2% risk of failure)
Confirm with . or Enter, or press ? or * to list all spells.
You miscast Scorch.
You are very lightly contaminated with residual magic.
Nothing appears to happen.
Casting: Scorch (safe; 2% risk of failure)
Confirm with . or Enter, or press ? or * to list all spells.
Flames lash Ijyb.
Ijyb is lightly wounded.
Ijyb's fire resistance burns away.
Casting: Scorch (safe; 2% risk of failure)
Confirm with . or Enter, or press ? or * to list all spells.
Flames lash Ijyb.
Ijyb is burned terribly!
Ijyb is moderately wounded.
Ijyb hits you with a +0 club.
Casting: Scorch (safe; 2% risk of failure)
Confirm with . or Enter, or press ? or * to list all spells.
Flames lash Ijyb but do no damage.
Ijyb zaps a wand.
Your mind is blasted!
You die...

#.....#.#.# ....
#.##...##.#.# .....
#....<.##...# .....
#####.........#
......#..).....####.#
......#.#######...#.#
..!...#.#######...#.#
......g......##...#.#
#...@†...........#
#....†....##...###
#.........######
#.........#
#.........#
#.........#
#...........
############. #


You could see Ijyb (combustible).

Vanquished Creatures
  A black bear (D:3)
  A scorpion (D:4)
  Jessica (D:2)
  A gnoll (D:1)
  7 adders
  A worm (D:4)
  2 dart slugs
  2 orcs (D:3)
  4 ball pythons
  8 bats
  4 endoplasms
  2 giant cockroaches
  5 goblins
  4 hobgoblins
  3 jackals (D:3)
  2 quokkas
  A frilled lizard (D:1)
  7 kobolds
  4 rats
60 creatures vanquished.

Vanquished Creatures (others)
  60 foxfires
60 creatures vanquished.

Grand Total: 120 creatures vanquished

Notes
Turn   | Place    | Note
-------+----------+-------------------------------------------
     0 | D:1      | shadowmeld the Djinni Fire Elementalist began the quest for
                  | the Orb.
     0 | D:1      | shadowmeld set off with the following spells memorised:
                  | Foxfire, Scorch, Conjure Flame, Inner Flame, Flame Wave.
     0 | D:1      | Reached XP level 1. HP: 15/15 MP: 0/0
   253 | D:1      | Reached XP level 2. HP: 16/21 MP: 0/0
   462 | D:1      | Reached skill level 3 in Spellcasting
   694 | D:1      | Reached XP level 3. HP: 11/26 MP: 0/0
   694 | D:1      | Learned a level 1 spell: Freeze
  1512 | D:2      | Reached skill level 1 in Fighting
  1512 | D:2      | Reached XP level 4. HP: 16/32 MP: 0/0
  2058 | D:2      | Found a faded altar of an unknown god.
  2097 | D:2      | Noticed Jessica
  2099 | D:2      | Killed Jessica
  2238 | D:3      | Noticed a black bear
  2243 | D:3      | Killed a black bear
  2244 | D:3      | Reached skill level 4 in Spellcasting
  2244 | D:3      | Reached XP level 5. HP: 30/37 MP: 0/0
  2244 | D:3      | Learned a level 2 spell: Call Imp
  2407 | D:3      | Found Caruel's Weapon Shop.
  2541 | D:3      | Reached XP level 6. HP: 35/42 MP: 0/0
  2791 | D:3      | Found Raut's Antique Weapon Shoppe.
  2989 | D:3      | Found Qadyibb's Antique Armour Shop.
  3207 | D:3      | Found a bloodstained altar of Trog.
  3276 | D:4      | Noticed Ijyb
  3278 | D:4      | Reached skill level 5 in Spellcasting
  3284 | D:4      | Blown up by Ijyb

Illustrated notes

Levels and vault maps discovered:
D:1:      minmay_arrival_cross, layout_loops_ring
D:2:      layout_rooms, dilly_ecumenical_altar_fadedgnrine, skrybe_limestone_x,
          bh_walls_and_bars, uniq_jessica
D:3:      layout_basic, mainiacjoe_overflow_alcove_2, serial_shops,
          nicolae_shop_crystal, nicolae_lakefront_shop,
          nicolae_shop_behind_doors
D:4:      cheibrodos_fertilizer, layout_basic, kennysheep_generic_room_8,
          uniq_natasha, uniq_ijyb

Skill      XL: |  1  2  3  4  5  6 |
---------------+-------------------+-----
Spellcasting   | 3 4 5 |  5.0
Fighting       | 1 |  1.8
Dodging        | |  2.4
Stealth        | |  1.5

Action                   |  1- 3 |  4- 6 || total
-------------------------+-------+-------++-------
Melee: Trident           |       |     1 ||     1
 Cast: Foxfire           |    45 |     1 ||    46
       Scorch            |     7 |    55 ||    62
Armor: Robe              |     4 |     2 ||     6
Dodge: Dodged            |     4 |     4 ||     8
